Oyster, chaotic male elven Priest ----- --.).| - ---- |.....--------.. .-- --..-- ---....)....)%)... .....| ---....| |...-----------.-. ......-- |.....-- ---.--- |..... .h@)...h. ------|.|.--- |...| ---..... ........-- |..|..|.|-- |.--- --....... -.....[.| |..<....| |.| |........ ....-- ---.....| |%| |.......-- .....- |.....| |%| ---......| --....... |.....---------|.| -----..-- ---....... ----...........|.| --..--.|........ --...------.|.| --............ --^..--- |...| --....--.... ---..| --..| |...-- |..| ---- ---- ---- Oyster the Acolyte Experience level: 4 Strength: 11 Dexterity: 11 Constitution: 16 Intelligence: 11 Wisdom: 18 Charisma: 11 Health: 0(33) Energy: 52(57) Def: 5 Gold: 232 Moves: 1557 Dungeon seed: qq39W_wP7D1XMo9d Game ID: Oyster_1615377810 Your Inventory: Coins $ - 232 gold pieces Weapons a - a blessed corroded +1 mace (weapon in hand) u - 2 blessed +1 arrows v - 6 +0 darts (in quiver) z - 2 +0 arrows A - 6 blessed +3 arrows B - a blessed +2 arrow Armor e - a +0 robe (being worn) n - a +0 small shield (being worn) q - a +0 orcish helm r - a +0 orcish helm (being worn) y - a +0 pair of low boots (being worn) Comestibles c - a clove of garlic d - a sprig of wolfsbane p - a melon Spellbooks f - a spellbook of extra healing g - a blessed spellbook of healing Potions b - 4 potions of holy water i - a potion of sleeping k - a potion of water Wands s - a wand of striking (0:5) x - a wand of digging (0:8) Tools h - a leather drum j - a blindfold o - a skeleton key t - a partly used tallow candle (lit) (0:37) w - 6 tallow candles (0:200) Gems N - 2 topaz stones Spells and supernatural/magical abilities: Name Level Category Fail Memory h - healing 1 healing 0% 93% x - extra healing 3 healing 78% 93% W - pray for help -- divine ? -- X - turn undead -- divine ? -- Your skills at the end: Fighting Skills Weapon Skills mace [Basic] Spellcasting Skills clerical spells [Basic] Final Attributes: You were piously aligned. You were sleep resistant. You had infravision. You are dead. Vanquished creatures: 2 gnome lords a kitten an acid blob a hobbit a hobgoblin 6 gnomes 3 jackals 2 goblins 3 sewer rats 4 grid bugs 2 lichens 2 kobold zombies 5 newts 33 creatures vanquished. Voluntary challenges: You used a wielded weapon 34 times, starting on turn 2. You were illiterate. You never genocided any monsters. You never polymorphed an object. You never changed form. You used no wishes. You never split a pudding. You never wrote Elbereth's name. You never violated your personal moral code. Dungeon overview: The Dungeons of Doom: levels 1 to 3 Level 1 a long staircase Level 2 an altar to Mitra Level 3 a fountain stairs to The Gnomish Mines The Gnomish Mines: Level 4 <- You were here stairs to The Dungeons of Doom History has recorded: On T:1 you entered the Dungeons of Doom to retrieve the Amulet of Yendor! On T:382 you reached level 2 of The Dungeons of Doom. On T:990 you reached level 3 of The Dungeons of Doom. On T:1020 you advanced to experience level 2. On T:1260 you advanced to experience level 3. On T:1367 you reached level 1 of The Gnomish Mines. On T:1475 you advanced to experience level 4. Score breakdown: Gold: 232 ( 8052 points) Experience: 4 levels ( 9649 points) Exploration: 4 levels ( 8.16%) ( 7500 points) Discoveries: 4 items ( 1.40%) ( 3547 points) Valuables value: (no points given unless you survive) Artifact value: 0 ( 0 points) Variety of kills: 13 monsters ( 3.41%) ( 5541 points) Turncount: 1557 turns ( 0 points) Survival: died (score multiplied by 80%) Total score: 27431 Latest messages: Your candle is getting short. You kill the gnome! You stop running. (2x) The hobgoblin misses. You hit the hobgoblin. You kill the hobgoblin! You see here an iron skull cap. The dwarf throws a dagger! You are hit by a dagger. The hobbit wields a curved sword! You hit the hobbit. The hobbit swings his curved sword. The hobbit hits! You feel better. The hobbit swings his curved sword. The hobbit hits! You miss the hobbit. (2x) The hobbit swings his curved sword. The hobbit hits! You die... Final status: Goodbye Oyster the Priest, killed by a hobbit... You died in The Gnomish Mines on dungeon level 4 with 27431 points, and 232 pieces of gold, after 1557 moves. You were level 4 with a maximum of 33 hit points when you died.